 Dungeon Crawl Stone Soup version 0.28.0-47-ge53b351184 (webtiles) character file.

Game seed: 9217610319473697570

8069 101zpm the Thaumaturge (level 11, -9/60 HPs)
             Began as a Djinni Fire Elementalist on May 4, 2022.
             Was a Follower of Hepliaklqana.
             Killed by an exploding death scarab (10 damage)
             ... ignited by their inner flame
             ... in a Gauntlet.
             The game lasted 00:43:58 (14799 turns).

101zpm the Thaumaturge (Djinni Fire Elementalist)  Turns: 14799, Time: 00:44:00

Health: -9/60      AC: 14    Str:  7    XL:     11   Next: 49%
Gold:   264        EV: 10    Int: 27    God:    Hepliaklqana [*.....] SH:  5 Dex: 15

rFire   + + .      SeeInvis .   A - +2 flail (holy)
rCold   . . .      Faith    .   O - orb {light}
rNeg    . . .      Spirit   .   D - +1 ring mail "Jyligguast" {Int+4}
rPois   ∞          Reflect  +   (no helmet)
rElec   .          Harm     .   J - +2 cloak
rCorr   .          Rampage  .   (no gloves)
Will    ++...      NoTele   +   (boots unavailable)
Stlth   +.........              p - amulet of reflection
HPRegen 0.20/turn               q - ring "Qouczanaug" {Will+ AC+4 Int+3}
MPRegen 0.00/turn               t - ring of protection from cold

@: flying, slowed, glowing, very slow
A: reduced essence, sickness immunity, fire resistance 2, cold vulnerability 1,
float, innate caster, HP casting, extra vitality 1
a: Renounce Religion, Recall Ancestor, Ancestor Identity


You were in a Gauntlet.
You worshipped Hepliaklqana.
Hepliaklqana was aware of your devotion.
You visited 3 branches of the dungeon, and saw 12 of its levels.
You also visited: Gauntlet.

You collected 316 gold pieces.
You spent 52 gold pieces at shops.

Inventory:

Hand Weapons
 i - a +6 spear
 v - a +0 vampiric whip
 x - a +6 hunting sling
 A - a +2 flail of holy wrath (weapon)
 G - a +4 hand axe of venom
Missiles
 s - a throwing net
 y - 67 sling bullets
 z - 213 stones
 B - 2 boomerangs
Armour
 a - a +0 robe
 D - the +1 ring mail "Jyligguast" (worn) {Int+4}
   (You found it on level 2 of the Dungeon)

   Int:       It affects your intelligence (+4).
 J - a +2 cloak (worn)
 O - an orb of light (worn)
Magical Staves
 m - a staff of fire
Jewellery
 p - an amulet of reflection (around neck)
 q - the ring "Qouczanaug" (left hand) {Will+ AC+4 Int+3}
   (You found it on level 6 of the Dungeon)

   [ring of protection]

   AC:        It affects your AC (+4).
   Int:       It affects your intelligence (+3).
   Will:      It increases your willpower.
 t - a ring of protection from cold (right hand)
 F - a +6 ring of dexterity
 Q - an amulet of faith
Wands
 l - a wand of digging (14)
 n - a wand of flame (23)
 P - a wand of iceblast (13)
Scrolls
 b - 3 scrolls of vulnerability
 d - 3 scrolls of amnesia
 e - 2 scrolls of silence
 g - 4 scrolls of teleportation
 h - 2 scrolls of blinking
 r - a scroll of enchant armour
 u - 4 scrolls of enchant weapon
 H - 2 scrolls of fog
 L - a scroll of noise {unknown}
Potions
 c - a potion of brilliance
 f - 3 potions of mutation {unknown}
 j - 3 potions of heal wounds {unknown}
 k - a potion of degeneration {unknown}
 o - a potion of flight {unknown}
 w - 3 potions of might
 E - 3 potions of lignification {unknown}
 I - 2 potions of haste {unknown}
 K - a potion of invisibility {unknown}
 M - 4 potions of curing


   Skills:
 + Level 1.2 Fighting
 + Level 2.1 Slings
 + Level 3.8 Armour
 + Level 2.6 Dodging
 + Level 3.3 Stealth
 + Level 0.5 Shields
 + Level 12.4 Spellcasting


You had 8 spell levels left.
You knew the following spells:

 Your Spells              Type           Power      Damage    Failure   Level
a - Foxfire               Conj/Fire      100%       2x1d9     1%          1
b - Scorch                Fire           100%       2d10      1%          2
c - Conjure Flame         Conj/Fire      71%        6-21      1%          3
d - Inner Flame           Hex/Fire       71%        N/A       1%          3
e - Flame Wave            Conj/Fire      71%        2d13      1%          4
f - Sandblast             Erth           100%       2d20      1%          1
g - Wereblood             Tmut           71%        N/A       1%          2
h - Searing Ray           Conj           100%       2d8       1%          2
i - Teleport Other        Tloc           71%        N/A       1%          3
j - Silence               Hex/Air        35%        N/A       1%          5
Your spell library was empty.

Dungeon Overview and Level Annotations

Branches:
Dungeon (9/15)             Temple (1/1) D:7            Lair (2/6) D:8
Gauntlet (1/1)
  Swamp: Lair:2-4    Shoals: Lair:2-4     Snake: Lair:2-4    Spider: Lair:2-4
    Orc: D:9-12

Altars:
Ashenzari
Cheibriados
Dithmenos
Elyvilon
Fedhas
Gozag
Hepliaklqana
Kikubaaqudgha
Makhleb
Nemelex Xobeh
Okawaru
Qazlal
Sif Muna
Trog
Uskayaw
Vehumet
Wu Jian
Xom
Yredelemnul
Zin
Ignis

Shops:
D:4 *   D:5 ?   D:6 *   D:9 :

Annotations:
D:8 1 runed translucent door, KamiKatze's ghost, novice OpCj Gauntlet 13 transporters, 4 runed translucent doors


Innate Abilities, Weirdness & Mutations

Your life essence is reduced to manifest your ancestor. (-10% HP)
You are immune to sickness and miasma.
You are immune to poison.
Your flesh is very heat resistant. (rF++)
You are vulnerable to cold. (rC-)
You float through the air rather than walking.
You learn spells naturally, not from books.
Your magical power is your life essence.
You have superior vitality. (+4 MHP)


Message History

Confirm with . or Enter, or press ? or * to list all spells.
Flames lash the spectral komodo dragon.
The spectral komodo dragon is lightly damaged.
* * * LOW HITPOINT WARNING * * *
The death scarab closely misses you. The death scarab bites you.
* * * LOW HITPOINT WARNING * * *
You block the spectral komodo dragon's attack.
The spectral komodo dragon bites you!
* * * LOW HITPOINT WARNING * * *
Casting: Scorch (safe; 1% risk of failure)
Confirm with . or Enter, or press ? or * to list all spells.
Flames lash the death scarab.
Flame seeps out of the death scarab.
The death scarab is severely damaged.
The death scarab's fire resistance burns away.
* * * LOW HITPOINT WARNING * * *
The death scarab is engulfed in blazing flames.
Flame seeps out of the death scarab.
You block the death scarab's attack.
The death scarab is engulfed in blazing flames.
Flame seeps out of the death scarab.
The spectral komodo dragon closely misses you.
Casting: Scorch (safe; 1% risk of failure)
Confirm with . or Enter, or press ? or * to list all spells.
Flames lash the spectral komodo dragon.
The spectral komodo dragon is lightly damaged.
* * * LOW HITPOINT WARNING * * *
You block the spectral komodo dragon's attack.
The spectral komodo dragon completely misses you.
Casting: Foxfire (safe; 1% risk of failure)
Press: ? - help, Q - select action, (/) - cycle Dir - look around, f - activate You conjure some foxfire!
* * * LOW HITPOINT WARNING * * *
The foxfire hits the death scarab!
The death scarab is burned terribly!
The death scarab explodes!
The fiery explosion engulfs your foxfire.
Your foxfire completely resists.
The fiery explosion engulfs the spectral komodo dragon!!!
The spectral komodo dragon is burned terribly!
You destroy the spectral komodo dragon!
The fiery explosion engulfs you! You resist.
You die...

#≈≈.#########.≈≈#
##≈....#©..8#.≈##
##..8.#...©#.##
##≈....#©..8#.≈##
#≈≈.#########.≈≈#
##≈.#.!.©...#.≈##
##.#...8...#.##
##≈.#8.8v8§8#.≈##
#≈≈.##8.@§8##.≈≈#
##≈.#8.8§8§8#.≈##
##.#...8...#.##
##≈.#..8#8..#.≈##
#≈≈.#########.≈≈#
##≈.....©.....≈##
##...........##
##≈...∩...∩...≈##
#≈≈≈#≈≈≈#≈≈≈#≈≈≈#


There were no monsters in sight!

Vanquished Creatures
  A hydra (Lair:1)
  A death scarab (Gauntlet)
  2 two-headed ogres
  Joseph (D:7)
  A cane toad (Lair:1)
  3 komodo dragons (Lair:1)
  A hornet (D:8)
  A troll (D:9)
  6 yaks (Lair:1)
  A spectral komodo dragon (Gauntlet)
  2 steam dragons
  6 water moccasins
  An orc warrior (D:8)
  5 sky beasts
  A black bear (D:6)
  3 centaurs
  A kobold brigand (D:6)
  2 phantoms (D:6)
  3 gnoll sergeants
  A scorpion (D:5)
  Blork the orc (D:5)
  7 bullfrogs
  A howler monkey (D:7)
  3 electric eels (D:8)
  2 centaur zombies
  5 hounds
  3 jellies
  2 orc priests (D:5)
  2 iguanas
  A scorpion zombie (D:5)
  4 orc wizards
  A howler monkey zombie (D:8)
  14 gnolls
  4 adders
  A shadow imp (D:6)
  A white imp (D:5)
  An ufetubus (D:5)
  An adder skeleton (D:4)
  A worm (D:3)
  7 dart slugs
  25 orcs
  3 bats
  3 endoplasms
  9 goblins
  2 hobgoblins
  4 jackals
  9 kobolds
  3 quokkas
  7 ball pythons
  A frilled lizard (D:2)
171 creatures vanquished.

Vanquished Creatures (collateral kills)
  4 foxfires
4 creatures vanquished.

Vanquished Creatures (others)
  An ancestor (Gauntlet)
  935 foxfires
  3 fungi
  13 plants
952 creatures vanquished.

Grand Total: 1127 creatures vanquished

Notes
Turn   | Place    | Note
-------+----------+-------------------------------------------
     0 | D:1      | 101zpm the Djinni Fire Elementalist began the quest for the
                  | Orb.
     0 | D:1      | Reached XP level 1. HP: 15/15 MP: 0/0
    85 | D:1      | Found a faded altar of an unknown god.
   433 | D:1      | Reached XP level 2. HP: 14/21 MP: 0/0
  1176 | D:2      | Reached skill level 3 in Spellcasting
  1176 | D:2      | Reached XP level 3. HP: 22/25 MP: 0/0
  1176 | D:2      | Learned a level 1 spell: Sandblast
  1920 | D:3      | Reached XP level 4. HP: 29/31 MP: 0/0
  2471 | D:3      | Found a burning altar of Makhleb.
  2471 | D:3      | Noticed a cacodemon
  2625 | D:3      | Found a shadowy altar of Dithmenos.
  3115 | D:4      | Reached skill level 4 in Spellcasting
  3115 | D:4      | Reached XP level 5. HP: 7/35 MP: 0/0
  3115 | D:4      | Learned a level 2 spell: Wereblood
  3478 | D:4      | Found Myfeoti's General Store.
  3794 | D:4      | Reached XP level 6. HP: 33/40 MP: 0/0
  4293 | D:4      | Reached skill level 5 in Spellcasting
  4464 | D:5      | Entered Level 5 of the Dungeon
  4860 | D:5      | Reached XP level 7. HP: 26/45 MP: 0/0
  4860 | D:5      | Learned a level 2 spell: Searing Ray
  4863 | D:5      | Noticed a steam dragon
  5340 | D:5      | Reached skill level 6 in Spellcasting
  5562 | D:5      | You are sucked into a shaft and drop 1 floor!
  5614 | D:6      | Reached XP level 8. HP: 16/50 MP: 0/0
  5861 | D:6      | Identified the ring "Qouczanaug" {Will+ AC+4 Int+3}
  6086 | D:6      | Found Zin's Purification Station.
  6097 | D:6      | Found a glowing silver altar of Zin.
  6188 | D:6      | Reached skill level 7 in Spellcasting
  7498 | D:6      | Found a hide-covered altar of Uskayaw.
  7787 | D:7      | Noticed Joseph
  7804 | D:7      | Killed Joseph
  7805 | D:7      | Reached skill level 8 in Spellcasting
  7805 | D:7      | Reached XP level 9. HP: 10/55 MP: 0/0
  7805 | D:7      | Learned a level 3 spell: Teleport Other
  8173 | D:5      | Noticed Blork the orc
  8183 | D:5      | Killed Blork the orc
  8991 | D:2      | Identified the +1 ring mail "Jyligguast" {Int+4}
  9680 | D:4      | Identified the +0 ring mail of Winter {+Blink rN+ Dex-2
                  | Slay+3}
  9702 | D:3      | Found a basalt altar of Yredelemnul.
  9738 | D:5      | Reached skill level 1 in Slings
  9881 | D:5      | Found Plog's Magic Scroll Boutique.
  9929 | D:5      | Bought a scroll of identify for 26 gold pieces
  9929 | D:5      | Bought a scroll of identify for 26 gold pieces
 10432 | D:7      | Reached skill level 9 in Spellcasting
 11146 | D:7      | Found a staircase to the Ecumenical Temple.
 11155 | Temple   | Entered the Ecumenical Temple
 11244 | Temple   | Became a worshipper of Hepliaklqana the Forgotten
 11296 | D:8      | Found a bloodstained altar of Trog.
 11395 | D:8      | Found a runed translucent door.
 11400 | D:8      | Noticed KamiKatze's ghost (novice OpCj)
 11413 | D:8      | Found a sparkling altar of Nemelex Xobeh.
 11415 | D:8      | Noticed a two-headed ogre
 11420 | D:8      | Killed a two-headed ogre
 11421 | D:8      | Reached skill level 10 in Spellcasting
 11421 | D:8      | Reached XP level 10. HP: 54/61 MP: 0/0
 12041 | D:8      | Found a staircase to the Lair.
 12072 | D:8      | Reached skill level 1 in Fighting
 12234 | D:8      | Found an ornate altar of the Wu Jian Council.
 12756 | D:9      | Found Lumahi's Book Shoppe.
 12824 | D:9      | Reached skill level 1 in Armour
 12824 | D:9      | Reached skill level 11 in Spellcasting
 12825 | D:9      | Noticed a two-headed ogre
 12834 | D:9      | Killed a two-headed ogre
 12864 | D:9      | HP: 2/62 [orc warrior/+0 dire flail (2)]
 13179 | Lair:1   | Entered Level 1 of the Lair of Beasts
 13283 | Lair:1   | Noticed a komodo dragon
 13288 | Lair:1   | Killed a komodo dragon
 13352 | Lair:1   | Noticed a cane toad
 13357 | Lair:1   | Killed a cane toad
 13358 | Lair:1   | Reached XP level 11. HP: 58/67 MP: 0/0
 13358 | Lair:1   | Learned a level 5 spell: Silence
 13616 | Lair:1   | Reached skill level 12 in Spellcasting
 13731 | Lair:1   | Reached * piety under Hepliaklqana
 13933 | Lair:1   | Noticed a four-headed hydra
 13938 | Lair:1   | Killed a four-headed hydra
 14420 | Lair:2   | Found a gate leading to a gauntlet.
 14429 | Gauntlet | Entered a Gauntlet
 14429 | Gauntlet | Found a transporter.
 14436 | Gauntlet | Noticed a death scarab
 14442 | Gauntlet | Found a transporter.
 14448 | Gauntlet | Found a transporter.
 14451 | Gauntlet | Found a transporter.
 14459 | Gauntlet | Noticed a fire crab
 14463 | Gauntlet | Found a transporter.
 14472 | Gauntlet | Found a transporter.
 14476 | Gauntlet | Found a transporter.
 14484 | Gauntlet | Found a runed translucent door.
 14493 | Gauntlet | Found a transporter.
 14497 | Gauntlet | Noticed a wizard
 14498 | Gauntlet | Found a transporter.
 14501 | Gauntlet | Found a transporter.
 14517 | Gauntlet | Found a transporter.
 14517 | Gauntlet | Found a transporter.
 14521 | Gauntlet | Found a transporter.
 14527 | Gauntlet | Noticed a wizard
 14529 | Gauntlet | Found a runed translucent door.
 14529 | Gauntlet | Noticed a wizard
 14532 | Gauntlet | Found a runed translucent door.
 14541 | Gauntlet | Found a transporter.
 14599 | Gauntlet | Found a runed translucent door.
 14785 | Gauntlet | Identified a scroll of acquirement
 14786 | Gauntlet | Acquired a staff of fire
 14799 | Gauntlet | Killed a death scarab
 14799 | Gauntlet | Killed by an exploding death scarab... ignited by their
                  | inner flame

Illustrated notes

Levels and vault maps discovered:
D:1:      minmay_arrival_shattered_statue, layout_rooms,
          chequers_ecumenical_altar_simple_redux, serial_bayou_ford_a, hex_tiny
D:2:      layout_loops_ring, kennysheep_generic_room_2
D:3:      layout_loops_ring, nicolae_overflow_hidden_temple,
          makhleb_altar_promises_db, mainiacjoe_overflow_alcove_4
D:4:      layout_gridville, serial_shops, nicolae_shop_stone
D:5:      layout_basic, serial_shops, shop, uniq_blork_the_orc
D:6:      layout_layer_cave, marbit_many_paths, zin_purify
D:7:      layout_loops_cross, kennysheep_mini, minmay_temple_entry_butterflies,
          uniq_crazy_yiuf_cottage, uniq_joseph
D:8:      layout_rooms, nemelex_xobeh_ov_fountains_minmay, lemuel_crystal_altar,
          overflow_temple_1_default, lair_entry_dummy,
          ebering_ghost_reflecting_pool, serial_bayou, serial_bayou_pond_b,
          serial_bayou_pond_b, serial_bayou_pond_d, serial_bayou_shore_a
D:9:      layout_loops_ring, serial_shops, shop, enter_bailey_3
Temple:   ebering_untended_altars
Lair:1:   layout_long_grid
Lair:2:   layout_concentric_octagons, gauntlet_entry_generic,
          grunt_forest_stairs_clearing, uniq_harold, uniq_maggie, uniq_fannar
Gauntlet: gammafunk_gauntlet_77_escape_option
          [minmay_gauntlet_arena_77_terracotta_army,
          minmay_gauntlet_arena_77_museum, minmay_gauntlet_arena_77_shame_cube,
          minmay_gauntlet_arena_77_chump_sandwich,
          minmay_gauntlet_arena_77_cramped, gauntlet_exit_green]

Skill      XL: |  1  2  3  4  5  6  7  8  9 10 11 |
---------------+----------------------------------+-----
Spellcasting   | 3 4 5 6 8 10 11 12 | 12.4
Stealth        | 2 3 |  3.3
Slings         | 2 |  2.1
Fighting       | 1 |  1.2
Armour         | 2 3 |  3.8
Dodging        | |  2.6
Shields        | |  0.5

Action                   |  1- 3 |  4- 6 |  7- 9 | 10-12 || total
-------------------------+-------+-------+-------+-------++-------
Melee: Spear             |       |       |       |     2 ||     2
 Fire: Hunting sling     |       |       |    28 |       ||    28
 Cast: Foxfire           |    59 |   144 |   204 |   152 ||   559
       Scorch            |    10 |     9 |    20 |    27 ||    66
       Inner Flame       |     1 |    13 |    50 |    37 ||   101
       Conjure Flame     |       |       |     1 |       ||     1
       Wereblood         |       |       |     3 |     2 ||     5
       Teleport Other    |       |       |     2 |       ||     2
       Searing Ray       |       |       |     2 |       ||     2
  Use: Scroll            |       |       |     8 |     9 ||    17
Armor: Robe              |       |       |     3 |       ||     3
       Ring mail         |       |       |       |     5 ||     5
Dodge: Dodged            |       |     3 |     7 |     9 ||    19
Block: Other             |       |       |     4 |     4 ||     8
       Reflection        |       |       |     1 |       ||     1
       Orb               |       |       |       |     7 ||     7
